 Dungeon Crawl Stone Soup version 0.30-a0-371-gad7725a93e (webtiles) character file.

Game seed: 15827788391700250084

91 zishaf the Magician (level 4, -4/33 HPs)
             Began as a Djinni Venom Mage on Nov 22, 2022.
             Slain by a black bear (8 damage)
             ... on level 3 of the Dungeon.
             The game lasted 00:05:37 (2122 turns).

zishaf the Magician (Djinni Venom Mage)             Turns: 2122, Time: 00:05:37

Health: -4/33      AC:  5    Str:  7    XL:     4   Next: 88%
Gold:   132        EV: 12    Int: 18    God:
                   SH:  0    Dex: 14

rFire   + + .      SeeInvis .    l - +0 hand axe (elec)
rCold   x . .      Faith    .    (no shield)
rNeg    . . .      Spirit   .    a - +0 robe
rPois   ∞          Reflect  .    n - +1 helmet
rElec   .          Harm     .    (no cloak)
rCorr   .          Rampage  .    k - +0 pair of gloves
Will    .....                    (boots unavailable)
Stlth   ++........               (no amulet)
HPRegen 0.25/turn                (no ring)
MPRegen 0.00/turn                (no ring)

@: flying, very slightly contaminated
A: sickness immunity, fire resistance 2, cold vulnerability 1, float, innate
caster, HP casting, extra vitality 1
a: no special abilities


You were on level 3 of the Dungeon.
You visited 1 branch of the dungeon, and saw 3 of its levels.

You collected 132 gold pieces.

Inventory:

Hand Weapons
 c - a +0 dagger
 l - a +0 hand axe of electrocution (weapon)
 o - a +2 dagger of venom
Armour
 a - a +0 robe (worn)
 d - a +0 tower shield
 k - a +0 pair of gloves (worn)
 n - a +1 helmet (worn)
Scrolls
 f - 3 scrolls of enchant weapon {unknown}
 h - 2 scrolls of identify {unknown}
Potions
 b - 3 potions of haste {unknown}
 e - 2 potions of lignification {unknown}
 g - 2 potions of might {unknown}
 i - a potion of resistance {unknown}
 j - 2 potions of attraction {unknown}
 m - 3 potions of curing {unknown}
 p - a potion of heal wounds {unknown}


   Skills:
 + Level 1.9 Fighting
 - Level 2.1 Dodging
 - Level 1.5 Stealth
 + Level 1.4 Shields
 * Level 3.4 Spellcasting


You couldn't memorise any spells.
You knew the following spells:

 Your Spells              Type           Power      Damage    Failure   Level
a - Sting                 Tmut/Pois      60%        1d6       3%          1
b - Poisonous Vapours     Pois/Air       30%        N/A       6%          2
z - Mephitic Cloud        Conj/Pois/Air  15%        N/A       12%         3
A - Olgreb's Toxic Radia  Pois           15%        N/A       36%         4
B - Summon Small Mammal   Summ           60%        N/A       3%          1
Your spell library was empty.

Dungeon Overview and Level Annotations

Branches:
Dungeon (3/15)

Altars:

Annotations:
D:3 Grinder


Innate Abilities, Weirdness & Mutations

You are immune to sickness and miasma.
You are immune to poison.
Your flesh is very heat resistant. (rF++)
You are vulnerable to cold. (rC-)
You float through the air rather than walking.
You learn spells naturally, not from books.
Your magical power is your life essence.
You have superior vitality. (+4 MHP)


Message History

The black bear claws you but does no damage.
Casting: Poisonous Vapours (safe; 6% risk of failure)
Confirm with . or Enter, or press ? or * to list all spells.
Aiming: Sting (safe; 3% risk of failure)
Press: ? - help, Shift-Dir - straight line, f/p - black bear
Aim: a black bear (lightly wounded, extremely poisoned, 81% to hit)
The sting hits the black bear but does no damage.
The black bear looks as sick as possible!
The black bear is lightly wounded.
The black bear bites you but does no damage.
The black bear claws you but does no damage.
The black bear barely misses you.
Casting: Sting (safe; 3% risk of failure)
Confirm with . or Enter, or press ? or * to list all spells.
The spell is quite dangerous to miscast (12% risk of failure)!
Continue anyway? [Y]es or [N]o only, please.
The spell is quite dangerous to miscast (12% risk of failure)!
Continue anyway?
Aiming: Mephitic Cloud (quite dangerous; 12% risk of failure)
Press: ? - help, Shift-Dir - straight line, f/p - black bear
Aim: a black bear (moderately wounded, extremely poisoned, chance to affect: 72%)
You miscast Mephitic Cloud.
You are very lightly contaminated with residual magic.
Electricity courses through your body. The black bear bites you.
The black bear claws you but does no damage.
The black bear claws you.
* * * LOW HITPOINT WARNING * * *
Casting: Mephitic Cloud (quite dangerous; 12% risk of failure)
Confirm with . or Enter, or press ? or * to list all spells.
The spell is quite dangerous to miscast (12% risk of failure)!
Continue anyway?
Aiming: Mephitic Cloud (quite dangerous; 12% risk of failure)
Press: ? - help, Shift-Dir - straight line, f/p - black bear
Aim: a black bear (heavily wounded, extremely poisoned, chance to affect: 72%)
You miscast Mephitic Cloud.
Nothing appears to happen.
* * * LOW HITPOINT WARNING * * *
The black bear goes berserk!
Unknown command.
You barely miss the black bear.
The black bear is severely wounded.
The black bear bites you!
You die...

. ##### .. ...# #### ###.
######'#####...
#...#######........##..##
#..................##
#................#....
#...h@...####.........
#.##........'............
#..'........#####.)......
####........# #........
#.####'### ........# #.
#.# .......### # #.#
.......# #.# #.#


You could see a black bear (berserk, extremely poisoned).

Vanquished Creatures
  Robin (D:3)
  An adder (D:2)
  3 dart slugs
  4 bats
  5 endoplasms
  2 giant cockroaches (D:2)
  12 goblins
  8 hobgoblins
  8 jackals (D:2)
  A quokka (D:2)
  3 ball pythons
  6 frilled lizards
  A kobold (D:1)
  3 rats
58 creatures vanquished.

Notes
Turn   | Place    | Note
-------+----------+-------------------------------------------
     0 | D:1      | zishaf the Djinni Venom Mage began the quest for the Orb.
     0 | D:1      | zishaf set off with the following spells memorised: Sting,
                  | Poisonous Vapours, Mephitic Cloud, Olgreb's Toxic Radiance.
     0 | D:1      | Reached XP level 1. HP: 15/15 MP: 0/0
    57 | D:1      | You are sucked into a shaft and drop 1 floor!
   116 | D:1      | Reached XP level 2. HP: 7/22 MP: 0/0
   413 | D:1      | Reached skill level 1 in Fighting
   761 | D:1      | Reached XP level 3. HP: 24/27 MP: 0/0
   761 | D:1      | Learned a level 1 spell: Summon Small Mammal
   833 | D:2      | Reached skill level 3 in Spellcasting
  1189 | D:2      | Reached skill level 1 in Shields
  1201 | D:2      | Reached XP level 4. HP: 19/32 MP: 0/0
  1796 | D:3      | Noticed Grinder
  1910 | D:3      | Noticed Robin
  1935 | D:3      | Killed Robin
  2110 | D:3      | Noticed a black bear
  2122 | D:3      | Slain by a black bear

Illustrated notes

Levels and vault maps discovered:
D:1:      dpeg_arrival_rhombus, layout_basic
D:2:      layout_basic, grunt_decor_mini_mirrors, minmay_misc_feat_five,
          minmay_tromino_v4_b
D:3:      layout_basic, serial_curves, eino_curves_03, eino_curves_03,
          uniq_grinder, uniq_robin

Skill      XL: |  1  2  3 |
---------------+----------+-----
Fighting       | 1 |  1.9
Spellcasting   | 3 |  3.4
Shields        | 1 |  1.4
Dodging        | |  2.1
Stealth        | |  1.5

Action                   |  1- 3 |  4- 6 || total
-------------------------+-------+-------++-------
Melee: Dagger            |     2 |     2 ||     4
       Hand axe          |       |    23 ||    23
 Cast: Sting             |    65 |    36 ||   101
       Mephitic Cloud    |     1 |     3 ||     4
       Poisonous Vapours |       |     9 ||     9
 Stab: Confused          |       |     1 ||     1
Armor: Robe              |     5 |    16 ||    21
Dodge: Dodged            |    28 |    29 ||    57

Table legend: (Time is in decaauts)
 A = Elapsed time spent in this place.
 B = Non-inter-level travel time spent in this place.
 C = Inter-level travel time spent in this place.
 D = Time resting spent in this place.
 E = Time spent auto-exploring this place.
 F = Levels seen in this place.
 G = Mean time per level.
                   A        B        C        D        E       F      G
               +--------+--------+--------+--------+--------+-----+--------+
         Total |   2127 |   2056 |     71 |    120 |   1519 |   3 |  709.0 |
       Dungeon |   2127 |   2056 |     71 |    120 |   1519 |   3 |  709.0 |
               +--------+--------+--------+--------+--------+-----+--------+

Top non-repeatable levels by time:
     D:1: 801 daAuts
     D:2: 796 daAuts
     D:3: 530 daAuts
